Ice Dragons vs Sasquatch
(R1)
Created - 21 mars 2015 at 19:06
Goals
|
| Ice Dragons |
1 |
2 |
0 |
3 |
| Sasquatch |
1 |
2 |
1 |
4 |
|
Shots
|
| Ice Dragons |
6 |
12 |
11 |
29 |
| Sasquatch |
17 |
11 |
4 |
32 |
|
1st period
1. Ice Dragons , Patrick O'Sullivan 18 (Nigel Dawes) at 1:16
2. Sasquatch , Kyle Clifford 8 (Joe Corvo, D.J King) at 17:52
Penalties :
Jonathan Blum (Kin) for Elbowing (Minor) at 14:30
2nd period
3. Sasquatch , Jakub Voracek 41 (Derek Stepan, D.J King) at 0:30
4. Ice Dragons , Alexander Radulov 20 (Jeff Tambellini, Jonathan Blum) at 8:10
5. Ice Dragons , Alexander Radulov 21 (Jonathan Blum, Justin Pogge) at 11:12
6. Sasquatch , Tyler Johnson 15 (Mats Zuccarello, Brandon Bochenski) at 16:01
Penalties :
Joe Corvo (Gat) for Hooking (Minor) at 16:26
3rd period
7. Sasquatch , Derek Stepan 25 (D.J King, Jakub Voracek) at 4:16 (PP)
Penalties :
Matt Niskanen (Gat) for Tripping (Minor) at 1:27, Troy Brouwer (Kin) for Hooking (Minor) at 4:00, Nigel Dawes (Kin) for Interference (Minor) at 5:10, Joe Callahan (Kin) for Tripping (Minor) at 14:46
Goalie Stats
Justin Pogge (Kin), 28 saves from 32 shots - (0,875), L, 23-12-7, 59:00 minutes
Anders Lindback (Gat), 26 saves from 29 shots - (0,897), W, 18-16-3, 60:00 minutes
Players Stats for Ice Dragons
Player Name G A P +/- PIM S H SB GA TA FO MP PP MP PK MP
------------------------------------------------------------------------------------
Alexander Radulov 2 0 2 0 0 6 1 1 1 0 1/2 19:51 1:58 0:00
Cal Clutterbuck 0 0 0 0 0 3 0 0 0 0 1/1 17:38 1:55 1:48
Danny Syvret 0 0 0 0 0 1 0 0 0 0 0/0 8:48 1:17 2:41
Jeff Tambellini 0 1 1 0 0 1 0 2 0 0 1/2 20:59 1:58 3:00
Joe Callahan 0 0 0 -1 2 0 2 2 3 2 0/0 26:48 2:41 2:38
John Mitchell 0 0 0 0 0 1 2 0 0 0 1/2 11:26 1:52 1:55
Jonathan Blum 0 2 2 1 2 3 2 1 0 1 0/0 26:01 1:17 1:29
Kevin Klein 0 0 0 2 0 0 2 1 1 1 0/0 24:05 1:56 4:02
Kris Beech 0 0 0 0 0 0 0 0 0 0 0/0 0:08 0:00 0:00
Marc-Antoine Pouliot 0 0 0 0 0 2 1 0 1 0 2/8 13:59 0:08 0:07
Nigel Dawes 0 1 1 0 2 0 2 0 3 0 0/1 15:00 0:05 0:46
Oskar Osala 0 0 0 0 0 3 3 0 0 0 1/2 16:52 1:55 2:20
Patrick O'Sullivan 1 0 1 0 0 1 1 0 0 0 12/25 19:44 1:58 0:00
Raymond Sawada 0 0 0 0 0 0 1 0 0 0 0/0 5:40 0:05 0:00
Shean Donovan 0 0 0 0 0 2 1 0 1 0 0/2 14:54 0:00 2:20
Tomas Kudelka 0 0 0 -1 0 0 0 3 0 0 0/0 14:34 0:45 0:00
Troy Brouwer 0 0 0 0 2 2 3 0 1 1 4/8 16:09 0:00 0:10
Tyler Eckford 0 0 0 -1 0 4 1 1 0 1 0/0 20:57 0:00 1:36
Players Stats for Sasquatch
Player Name G A P +/- PIM S H SB GA TA FO MP PP MP PK MP
------------------------------------------------------------------------------------
Brandon Bochenski 0 1 1 0 0 3 2 1 1 0 0/0 16:28 1:46 0:00
Cam Atkinson 0 0 0 1 0 1 0 0 0 0 0/0 10:40 0:00 0:00
D.J King 0 3 3 0 0 2 0 1 1 2 0/0 21:01 3:45 2:05
Derek Stepan 1 1 2 0 0 2 0 0 0 1 14/28 18:49 3:53 0:00
Ian Cole 0 0 0 -1 0 0 3 0 0 1 0/0 16:00 0:00 1:40
Jake Gardiner 0 0 0 3 0 0 1 0 0 0 0/0 26:38 4:04 2:18
Jakub Voracek 1 1 2 0 0 7 0 2 0 1 0/1 20:06 3:45 0:00
Joe Corvo 0 1 1 3 2 3 2 1 1 0 0/0 25:41 4:04 1:03
Josh Bailey 0 0 0 -1 0 1 0 0 0 1 0/0 8:09 0:00 0:00
Kevin Porter 0 0 0 -1 0 3 0 0 0 0 1/1 9:29 0:00 1:00
Kyle Clifford 1 0 1 1 0 1 2 1 0 2 1/1 13:01 0:42 0:53
Mats Zuccarello 0 1 1 0 0 2 1 0 1 2 0/0 17:51 1:46 1:00
Matt Frattin 0 0 0 -1 0 2 1 0 0 0 1/1 9:12 0:42 0:44
Matt Niskanen 0 0 0 -2 2 1 0 1 0 1 0/0 18:13 2:09 0:44
Nick Leddy 0 0 0 -1 0 0 0 1 1 0 0/0 18:35 1:37 2:11
Slava Voynov 0 0 0 -2 0 0 1 1 0 0 0/0 15:20 0:32 0:00
Stephane Da Costa 0 0 0 1 0 2 0 0 1 0 3/4 11:09 0:34 0:09
Tyler Johnson 1 0 1 0 0 2 1 1 0 0 10/17 19:38 1:46 2:05
3 Stars
1 - Alexander Radulov (Kin)
2 - Jakub Voracek (Gat)
3 - Kyle Clifford (Gat)
Power Play
Ice Dragons - 0 on 2 Attempt(s) - 0,00%
Sasquatch - 1 on 4 Attempt(s) - 25,00%
Penalty Kill
Ice Dragons - 3 on 4 Attempt(s) - 75,00%
- Score 0 goal in Penalty Kill
Sasquatch - 2 on 2 Attempt(s) - 100,00%
- Score 0 goal in Penalty Kill
Team Stat
Ice Dragons - Hits : 22 - Faceoff Wins : 23 - Blocked Shots : 11 - Penalty Minutes : 8
Sasquatch - Hits : 14 - Faceoff Wins : 30 - Blocked Shots : 10 - Penalty Minutes : 4
Official
Referees : Dwyer Gord and Fraser Kerry
Linesman : Mike Cvik and Mark Shewchyk
Game Notes
Kris Beech is injured at 0:27 of 1st period (Concussion)
Finance
Level 1 -- Attendance: 1385 (69,25%) -- Ticket Income 48 475 $
Level 2 -- Attendance: 686 (68,60%) -- Ticket Income 10 290 $
Total Attendance: 2071 (69,03%)
Total Ticket Income: 58 765 $
Other Income: 2 938 $
Total Income: 61 703 $
Ice Dragons
5 vs 5 Forward
Center Left Wing Right Wing Time % Phy DF OF
1 Patrick O'Sullivan Jeff Tambellini Alexander Radulov 40 0 2 3
2 Kris Beech Nigel Dawes Cal Clutterbuck 30 0 2 3
3 Marc-Antoine Pouliot Oskar Osala Shean Donovan 20 0 2 3
4 John Mitchell Troy Brouwer Raymond Sawada 10 0 3 2
5 vs 5 Defense
Defense Defense Time % Phy DF OF
1 Kevin Klein Jonathan Blum 40 0 2 3
2 Joe Callahan Tyler Eckford 30 0 2 3
3 Jonathan Blum Tomas Kudelka 20 1 3 1
4 Joe Callahan Tomas Kudelka 10 1 3 1
PowerPlay Forward
Center Left Wing Right Wing Time % Phy DF OF
1 Patrick O'Sullivan Jeff Tambellini Alexander Radulov 60 1 1 3
2 Kris Beech Oskar Osala Cal Clutterbuck 40 1 1 3
PowerPlay Defense
Defense Defense Time % Phy DF OF
1 Joe Callahan Kevin Klein 60 0 2 3
2 Danny Syvret Jonathan Blum 40 0 2 3
Penalty Kill 4 Players Forward
Center Wing Time % Phy DF OF
1 Shean Donovan Oskar Osala 60 1 4 0
2 Jeff Tambellini Cal Clutterbuck 40 1 4 0
Penalty Kill 4 Players Defense
Defense Defense Time % Phy DF OF
1 Joe Callahan Kevin Klein 60 1 4 0
2 Danny Syvret Tyler Eckford 40 1 4 0
Penalty Kill - 3 Players Forward
Forward Time % Phy DF OF
1 Shean Donovan 60 1 4 0
2 Cal Clutterbuck 40 1 4 0
Penalty Kill - 3 Players Defense
Defense Defense Time % Phy DF OF
1 Joe Callahan Kevin Klein 60 0 5 0
2 Danny Syvret Tyler Eckford 40 0 5 0
4 vs 4 Forward
Center Wing Time % Phy DF OF
1 Kris Beech Oskar Osala 60 0 2 3
2 John Mitchell Troy Brouwer 40 1 2 2
4 vs 4 Defense
Defense Defense Time % Phy DF OF
1 Tyler Eckford Kevin Klein 60 0 2 3
2 Danny Syvret Jonathan Blum 40 0 3 2
Last Minutes Offensive
Center Left Wing Right Wing Defense Defense
Patrick O'Sullivan Jeff Tambellini Alexander Radulov Joe Callahan Kevin Klein
Last Minutes Defensive
Center Left Wing Right Wing Defense Defense
Kris Beech Jeff Tambellini Shean Donovan Joe Callahan Kevin Klein
Goaltenders
Starting : Justin Pogge
Backup : Todd Ford
Extra Forwards
Normal : Kris Beech, Cal Clutterbuck, Troy Brouwer - PP : Kris Beech, Cal Clutterbuck - PK : Oskar Osala
Extra Defensemen
Normal : Jonathan Blum, Tyler Eckford, Danny Syvret - PP : Tomas Kudelka - PK : Jonathan Blum, Tyler Eckford
Penalty Shots
Nigel Dawes, Jeff Tambellini, Alexander Radulov, Troy Brouwer, Cal Clutterbuck
Sasquatch
5 vs 5 Forward
Center Left Wing Right Wing Time % Phy DF OF
1 Derek Stepan D.J King Jakub Voracek 40 1 2 2
2 Tyler Johnson Mats Zuccarello Brandon Bochenski 30 1 2 2
3 Stephane Da Costa Kyle Clifford Cam Atkinson 20 1 2 2
4 Kevin Porter Josh Bailey Matt Frattin 10 1 2 2
5 vs 5 Defense
Defense Defense Time % Phy DF OF
1 Joe Corvo Jake Gardiner 40 1 2 2
2 Matt Niskanen Slava Voynov 30 1 2 2
3 Ian Cole Nick Leddy 20 1 2 2
4 Joe Corvo Jake Gardiner 10 1 2 2
PowerPlay Forward
Center Left Wing Right Wing Time % Phy DF OF
1 Derek Stepan D.J King Jakub Voracek 60 1 2 2
2 Tyler Johnson Mats Zuccarello Brandon Bochenski 40 1 2 2
PowerPlay Defense
Defense Defense Time % Phy DF OF
1 Joe Corvo Jake Gardiner 60 1 2 2
2 Matt Niskanen Nick Leddy 40 1 2 2
Penalty Kill 4 Players Forward
Center Wing Time % Phy DF OF
1 Tyler Johnson D.J King 60 1 2 2
2 Kevin Porter Mats Zuccarello 40 1 2 2
Penalty Kill 4 Players Defense
Defense Defense Time % Phy DF OF
1 Joe Corvo Jake Gardiner 60 1 2 2
2 Matt Niskanen Ian Cole 40 1 2 2
Penalty Kill - 3 Players Forward
Forward Time % Phy DF OF
1 Tyler Johnson 60 1 2 2
2 D.J King 40 1 2 2
Penalty Kill - 3 Players Defense
Defense Defense Time % Phy DF OF
1 Joe Corvo Jake Gardiner 60 1 2 2
2 Matt Niskanen Ian Cole 40 1 2 2
4 vs 4 Forward
Center Wing Time % Phy DF OF
1 Derek Stepan D.J King 60 1 2 2
2 Tyler Johnson Jakub Voracek 40 1 2 2
4 vs 4 Defense
Defense Defense Time % Phy DF OF
1 Joe Corvo Jake Gardiner 60 1 2 2
2 Matt Niskanen Slava Voynov 40 1 2 2
Last Minutes Offensive
Center Left Wing Right Wing Defense Defense
Derek Stepan D.J King Jakub Voracek Joe Corvo Jake Gardiner
Last Minutes Defensive
Center Left Wing Right Wing Defense Defense
Tyler Johnson D.J King Jakub Voracek Joe Corvo Jake Gardiner
Goaltenders
Starting : Anders Lindback
Backup : Andrew Raycroft
Extra Forwards
Normal : Brandon Bochenski, Stephane Da Costa, Josh Bailey - PP : Kyle Clifford, Stephane Da Costa - PK : Matt Frattin
Extra Defensemen
Normal : Ian Cole, Nick Leddy, Matt Niskanen - PP : Ian Cole - PK : Nick Leddy, Matt Niskanen
Penalty Shots
Cam Atkinson, Mats Zuccarello, Brandon Bochenski, Joe Corvo, Matt Frattin
% Time on Ice - Ice Dragons
Lines # - Real PCT - Wanted PCT - Time Play
Normal Forward
1 - 33% - 40% - 16:02
2 - 32% - 30% - 15:23
3 - 26% - 20% - 12:33
4 - 10% - 10% - 4:42
Normal Defense
1 - 35% - 40% - 16:58
2 - 38% - 30% - 18:23
3 - 17% - 20% - 8:26
4 - 10% - 10% - 4:53
PP Forward
1 - 50% - 60% - 1:58
2 - 50% - 40% - 2:00
PP Defense
1 - 68% - 60% - 2:41
2 - 32% - 40% - 1:17
PK Forward
1 - 59% - 60% - 3:39
2 - 41% - 40% - 2:34
PK Defense
1 - 65% - 60% - 4:02
2 - 35% - 40% - 2:11
PK3 Forward
1 - 0% - 60%
2 - 0% - 40%
PK3 Defense
1 - 0% - 60%
2 - 0% - 40%
44 Forward
1 - 0% - 60%
2 - 0% - 40%
44 Defense
1 - 0% - 60%
2 - 0% - 40%
Last Minute Offensive - 1:09
Last Minute Defensive - 0:00
Total
Forward - 60:00
Defense - 60:00
|
% Time on Ice - Sasquatch
Lines # - Real PCT - Wanted PCT - Time Play
Normal Forward
1 - 30% - 40% - 14:49
2 - 34% - 30% - 16:45
3 - 20% - 20% - 9:47
4 - 15% - 10% - 7:16
Normal Defense
1 - 35% - 40% - 17:03
2 - 33% - 30% - 15:58
3 - 26% - 20% - 12:52
4 - 6% - 10% - 2:44
PP Forward
1 - 72% - 60% - 4:27
2 - 28% - 40% - 1:46
PP Defense
1 - 65% - 60% - 4:04
2 - 35% - 40% - 2:09
PK Forward
1 - 75% - 60% - 2:58
2 - 25% - 40% - 1:00
PK Defense
1 - 58% - 60% - 2:19
2 - 42% - 40% - 1:39
PK3 Forward
1 - 0% - 60%
2 - 0% - 40%
PK3 Defense
1 - 0% - 60%
2 - 0% - 40%
44 Forward
1 - 0% - 60%
2 - 0% - 40%
44 Defense
1 - 0% - 60%
2 - 0% - 40%
Last Minute Offensive - 0:00
Last Minute Defensive - 1:12
Total
Forward - 60:00
Defense - 60:00
|
Play by Play
1st period
0:01 of 1st period - Patrick O'Sullivan wins face-off versus Derek Stepan in neutral zone.
0:08 of 1st period - Snap shot by Jeff Tambellini.
0:08 of 1st period - Shot Misses the Net.
0:10 of 1st period - Slapshot by Jonathan Blum.
0:10 of 1st period - Shot Misses the Net.
0:26 of 1st period - Kris Beech is hit by Brandon Bochenski.
0:27 of 1st period - Kris Beech from Ice Dragons is injured at 0:27 of 1st period (Concussion).
0:28 of 1st period - Kyle Clifford wins face-off versus Marc-Antoine Pouliot in Ice Dragons zone.
0:29 of 1st period - Snap shot by Stephane Da Costa.
0:29 of 1st period - Stopped by Justin Pogge without a rebound.
0:30 of 1st period - Stephane Da Costa wins face-off versus Marc-Antoine Pouliot in Ice Dragons zone.
0:33 of 1st period - Snap shot by Cam Atkinson.
0:33 of 1st period - Stopped by Justin Pogge with a rebound.
1:16 of 1st period - Snap shot by Patrick O'Sullivan.
1:16 of 1st period - Goal by Patrick O'Sullivan - Ice Dragons : 1 - Sasquatch : 0.
1:17 of 1st period - Matt Frattin wins face-off versus John Mitchell in neutral zone.
2:26 of 1st period - Joe Corvo is hit by Marc-Antoine Pouliot and loses puck.
2:45 of 1st period - Cam Atkinson is hit by John Mitchell and loses puck.
3:06 of 1st period - Snap shot by Matt Frattin.
3:06 of 1st period - Stopped by Justin Pogge with a rebound.
3:27 of 1st period - Off-side.
3:28 of 1st period - Marc-Antoine Pouliot wins face-off versus Derek Stepan in neutral zone.
3:43 of 1st period - Snap shot by Oskar Osala.
3:43 of 1st period - Shot Misses the Net.
4:24 of 1st period - Snap shot by Patrick O'Sullivan.
4:24 of 1st period - Shot Misses the Net.
4:42 of 1st period - Snap shot by Kevin Porter.
4:42 of 1st period - Shot Misses the Net.
4:44 of 1st period - Wrist shot by Josh Bailey.
4:44 of 1st period - Stopped by Justin Pogge with a rebound.
4:46 of 1st period - Snap shot by Joe Corvo.
4:46 of 1st period - Shot Misses the Net.
4:56 of 1st period - D.J King is hit by Raymond Sawada and loses puck.
5:03 of 1st period - Jakub Voracek is hit by Tyler Eckford and loses puck.
5:16 of 1st period - Tomas Kudelka is hit by Brandon Bochenski and loses puck.
5:23 of 1st period - Snap shot by Brandon Bochenski.
5:23 of 1st period - Stopped by Justin Pogge with a rebound.
5:35 of 1st period - Matt Niskanen is hit by Patrick O'Sullivan and loses puck.
6:20 of 1st period - Icing by Derek Stepan.
6:21 of 1st period - Troy Brouwer wins face-off versus Derek Stepan in Sasquatch zone.
6:27 of 1st period - Off-side.
6:28 of 1st period - Derek Stepan wins face-off versus Patrick O'Sullivan in neutral zone.
6:57 of 1st period - Wrist shot by Mats Zuccarello.
6:57 of 1st period - Shot Misses the Net.
6:59 of 1st period - Slapshot by Slava Voynov.
6:59 of 1st period - Shot Blocked by Joe Callahan.
7:01 of 1st period - Snap shot by Matt Niskanen.
7:01 of 1st period - Shot Misses the Net.
7:03 of 1st period - Wrist shot by Brandon Bochenski.
7:03 of 1st period - Stopped by Justin Pogge with a rebound.
7:05 of 1st period - Snap shot by Matt Niskanen.
7:05 of 1st period - Stopped by Justin Pogge with a rebound.
7:15 of 1st period - Snap shot by Kevin Porter.
7:15 of 1st period - Stopped by Justin Pogge with a rebound.
7:27 of 1st period - Wrist shot by John Mitchell.
7:27 of 1st period - Stopped by Anders Lindback with a rebound.
7:29 of 1st period - Slapshot by Tyler Eckford.
7:29 of 1st period - Stopped by Anders Lindback with a rebound.
8:01 of 1st period - Wrist shot by Kevin Porter.
8:01 of 1st period - Stopped by Justin Pogge without a rebound.
8:02 of 1st period - Patrick O'Sullivan wins face-off versus Derek Stepan in Ice Dragons zone.
8:07 of 1st period - Snap shot by Jeff Tambellini.
8:07 of 1st period - Deflect By Alexander Radulov.
8:07 of 1st period - Stopped by Anders Lindback without a rebound.
8:08 of 1st period - Derek Stepan wins face-off versus Patrick O'Sullivan in Sasquatch zone.
8:08 of 1st period - Derek Stepan is hit by Alexander Radulov.
9:25 of 1st period - Slapshot by Joe Corvo.
9:25 of 1st period - Stopped by Justin Pogge with a rebound.
9:59 of 1st period - Wrist shot by Cal Clutterbuck.
9:59 of 1st period - Shot Misses the Net.
10:58 of 1st period - Mats Zuccarello is hit by Kevin Klein and loses puck.
11:09 of 1st period - Snap shot by Jakub Voracek.
11:09 of 1st period - Shot Misses the Net.
11:15 of 1st period - D.J King is hit by Kevin Klein and loses puck.
11:34 of 1st period - Slapshot by Kyle Clifford.
11:34 of 1st period - Shot Blocked by Jonathan Blum.
11:36 of 1st period - Wrist shot by Stephane Da Costa.
11:36 of 1st period - Stopped by Justin Pogge without a rebound.
11:37 of 1st period - Patrick O'Sullivan wins face-off versus Derek Stepan in Ice Dragons zone.
11:37 of 1st period - Patrick O'Sullivan is hit by Joe Corvo.
12:15 of 1st period - Joe Corvo is hit by Nigel Dawes and loses puck.
12:25 of 1st period - Off-side.
12:26 of 1st period - Stephane Da Costa wins face-off versus Marc-Antoine Pouliot in neutral zone.
12:57 of 1st period - Slapshot by Jakub Voracek.
12:57 of 1st period - Stopped by Justin Pogge without a rebound.
12:58 of 1st period - Derek Stepan wins face-off versus Patrick O'Sullivan in Ice Dragons zone.
13:23 of 1st period - D.J King is hit by Shean Donovan and loses puck.
14:20 of 1st period - Snap shot by Alexander Radulov.
14:20 of 1st period - Stopped by Anders Lindback with a rebound.
14:30 of 1st period - Minor Penalty to Jonathan Blum for Elbowing.
14:31 of 1st period - Oskar Osala wins face-off versus Derek Stepan in Ice Dragons zone.
14:41 of 1st period - Slapshot by Shean Donovan.
14:41 of 1st period - Deflect By Oskar Osala.
14:41 of 1st period - Stopped by Anders Lindback without a rebound.
14:42 of 1st period - Derek Stepan wins face-off versus Shean Donovan in Sasquatch zone.
14:52 of 1st period - Slapshot by Jakub Voracek.
14:52 of 1st period - Stopped by Justin Pogge with a rebound.
14:54 of 1st period - Slapshot by Jake Gardiner.
14:54 of 1st period - Shot Blocked by Kevin Klein.
14:56 of 1st period - Slapshot by Joe Corvo.
14:56 of 1st period - Stopped by Justin Pogge with a rebound.
14:58 of 1st period - Slapshot by Joe Corvo.
14:58 of 1st period - Deflect By D.J King.
14:58 of 1st period - Stopped by Justin Pogge with a rebound.
15:34 of 1st period - Matt Niskanen is hit by Oskar Osala and loses puck.
16:16 of 1st period - Icing by Brandon Bochenski.
16:17 of 1st period - John Mitchell wins face-off versus Derek Stepan in Sasquatch zone.
16:18 of 1st period - Snap shot by Jeff Tambellini.
16:18 of 1st period - Shot Misses the Net.
16:30 of 1st period - Penalty to Jonathan Blum is over, Jonathan Blum is back on ice.
17:18 of 1st period - Brandon Bochenski is hit by Jonathan Blum and loses puck.
17:33 of 1st period - Joe Corvo is hit by Oskar Osala and loses puck.
17:50 of 1st period - Slapshot by Joe Corvo.
17:50 of 1st period - Shot Misses the Net.
17:52 of 1st period - Slapshot by Kyle Clifford.
17:52 of 1st period - Goal by Kyle Clifford - Ice Dragons : 1 - Sasquatch : 1.
17:53 of 1st period - Derek Stepan wins face-off versus Patrick O'Sullivan in neutral zone.
18:06 of 1st period - Snap shot by D.J King.
18:06 of 1st period - Shot Misses the Net.
18:18 of 1st period - Jonathan Blum is hit by Tyler Johnson and loses puck.
18:29 of 1st period - Snap shot by Mats Zuccarello.
18:29 of 1st period - Stopped by Justin Pogge without a rebound.
18:30 of 1st period - Patrick O'Sullivan wins face-off versus Tyler Johnson in Ice Dragons zone.
18:35 of 1st period - Tyler Johnson is hit by Joe Callahan and loses puck.
18:40 of 1st period - Slapshot by Patrick O'Sullivan.
18:40 of 1st period - Shot Blocked by Brandon Bochenski.
18:46 of 1st period - Wrist shot by Jeff Tambellini.
18:46 of 1st period - Shot Misses the Net.
Goals for this period are 1 for Ice Dragons vs 1 for Sasquatch.
Shots for this period are 6 for Ice Dragons vs 17 for Sasquatch.
2nd period
0:01 of 2nd period - Derek Stepan wins face-off versus Patrick O'Sullivan in neutral zone.
0:06 of 2nd period - Slapshot by Jakub Voracek.
0:06 of 2nd period - Shot Misses the Net.
0:08 of 2nd period - Slapshot by Jakub Voracek.
0:08 of 2nd period - Stopped by Justin Pogge without a rebound.
0:09 of 2nd period - Derek Stepan wins face-off versus Patrick O'Sullivan in Ice Dragons zone.
0:30 of 2nd period - Snap shot by Jakub Voracek.
0:30 of 2nd period - Goal by Jakub Voracek - Ice Dragons : 1 - Sasquatch : 2.
0:31 of 2nd period - Patrick O'Sullivan wins face-off versus Derek Stepan in neutral zone.
1:12 of 2nd period - Slapshot by Brandon Bochenski.
1:12 of 2nd period - Stopped by Justin Pogge without a rebound.
1:13 of 2nd period - Tyler Johnson wins face-off versus Marc-Antoine Pouliot in Ice Dragons zone.
1:38 of 2nd period - Patrick O'Sullivan is hit by Kyle Clifford and loses puck.
1:45 of 2nd period - Backhand shot by Joe Callahan.
1:45 of 2nd period - Deflect By Patrick O'Sullivan.
1:45 of 2nd period - Shot Blocked by Kyle Clifford.
1:45 of 2nd period - Puck is out of play.
1:46 of 2nd period - Troy Brouwer wins face-off versus Derek Stepan in Sasquatch zone.
4:11 of 2nd period - Icing by Kevin Porter.
4:12 of 2nd period - Tyler Johnson wins face-off versus Troy Brouwer in Sasquatch zone.
4:12 of 2nd period - Tyler Johnson is hit by Joe Callahan.
5:21 of 2nd period - Slapshot by Kevin Klein.
5:21 of 2nd period - Shot Misses the Net.
5:23 of 2nd period - Wrist shot by Jonathan Blum.
5:23 of 2nd period - Stopped by Anders Lindback without a rebound.
5:24 of 2nd period - Kevin Porter wins face-off versus Alexander Radulov in Sasquatch zone.
5:35 of 2nd period - Backhand shot by Joe Corvo.
5:35 of 2nd period - Shot Blocked by Jeff Tambellini.
5:37 of 2nd period - Snap shot by Joe Corvo.
5:37 of 2nd period - Shot Misses the Net.
5:39 of 2nd period - Slapshot by Jake Gardiner.
5:39 of 2nd period - Shot Blocked by Alexander Radulov.
5:41 of 2nd period - Snap shot by Jake Gardiner.
5:41 of 2nd period - Shot Misses the Net.
5:43 of 2nd period - Snap shot by Joe Corvo.
5:43 of 2nd period - Shot Misses the Net.
5:45 of 2nd period - Snap shot by Jake Gardiner.
5:45 of 2nd period - Shot Misses the Net.
5:47 of 2nd period - Slapshot by Joe Corvo.
5:47 of 2nd period - Shot Blocked by Tomas Kudelka.
5:49 of 2nd period - Snap shot by Kevin Porter.
5:49 of 2nd period - Shot Blocked by Tomas Kudelka.
5:51 of 2nd period - Snap shot by Matt Frattin.
5:51 of 2nd period - Shot Misses the Net.
5:53 of 2nd period - Snap shot by Matt Frattin.
5:53 of 2nd period - Stopped by Justin Pogge without a rebound.
5:54 of 2nd period - Troy Brouwer wins face-off versus Derek Stepan in Ice Dragons zone.
6:20 of 2nd period - Mats Zuccarello is hit by Oskar Osala and loses puck.
6:29 of 2nd period - Jonathan Blum is hit by Mats Zuccarello and loses puck.
6:52 of 2nd period - Snap shot by Cam Atkinson.
6:52 of 2nd period - Shot Misses the Net.
7:14 of 2nd period - Wrist shot by Josh Bailey.
7:14 of 2nd period - Deflect By Kevin Porter.
7:14 of 2nd period - Shot Misses the Net.
7:14 of 2nd period - Puck is out of play.
7:15 of 2nd period - Patrick O'Sullivan wins face-off versus Derek Stepan in Ice Dragons zone.
7:20 of 2nd period - Slapshot by Jonathan Blum.
7:20 of 2nd period - Shot Blocked by Joe Corvo.
7:46 of 2nd period - Wrist shot by Jeff Tambellini.
7:46 of 2nd period - Shot Misses the Net.
7:48 of 2nd period - Slapshot by Kevin Klein.
7:48 of 2nd period - Shot Blocked by Matt Niskanen.
7:50 of 2nd period - Snap shot by Kevin Klein.
7:50 of 2nd period - Shot Misses the Net.
8:06 of 2nd period - Snap shot by Alexander Radulov.
8:06 of 2nd period - Shot Misses the Net.
8:08 of 2nd period - Snap shot by Jeff Tambellini.
8:08 of 2nd period - Stopped by Anders Lindback with a rebound.
8:10 of 2nd period - Snap shot by Alexander Radulov.
8:10 of 2nd period - Goal by Alexander Radulov - Ice Dragons : 2 - Sasquatch : 2.
8:11 of 2nd period - Derek Stepan wins face-off versus Troy Brouwer in neutral zone.
9:20 of 2nd period - Derek Stepan is hit by John Mitchell and loses puck.
9:25 of 2nd period - Snap shot by Cal Clutterbuck.
9:25 of 2nd period - Shot Blocked by D.J King.
10:05 of 2nd period - Brandon Bochenski is hit by Troy Brouwer and loses puck.
10:27 of 2nd period - Oskar Osala is hit by Kyle Clifford and loses puck.
11:12 of 2nd period - Snap shot by Alexander Radulov.
11:12 of 2nd period - Goal by Alexander Radulov - Ice Dragons : 3 - Sasquatch : 2.
11:13 of 2nd period - Derek Stepan wins face-off versus Patrick O'Sullivan in neutral zone.
11:20 of 2nd period - Slapshot by Jakub Voracek.
11:20 of 2nd period - Stopped by Justin Pogge with a rebound.
11:22 of 2nd period - Snap shot by D.J King.
11:22 of 2nd period - Shot Blocked by Tyler Eckford.
11:24 of 2nd period - Slapshot by D.J King.
11:24 of 2nd period - Shot Misses the Net.
11:26 of 2nd period - Snap shot by Derek Stepan.
11:26 of 2nd period - Stopped by Justin Pogge with a rebound.
11:44 of 2nd period - Snap shot by Cal Clutterbuck.
11:44 of 2nd period - Deflect By Nigel Dawes.
11:44 of 2nd period - Shot Misses the Net.
11:44 of 2nd period - Puck is out of play.
11:45 of 2nd period - Troy Brouwer wins face-off versus Tyler Johnson in Sasquatch zone.
11:52 of 2nd period - Snap shot by Troy Brouwer.
11:52 of 2nd period - Stopped by Anders Lindback with a rebound.
11:54 of 2nd period - Snap shot by Cal Clutterbuck.
11:54 of 2nd period - Stopped by Anders Lindback with a rebound.
11:56 of 2nd period - Slapshot by Jonathan Blum.
11:56 of 2nd period - Stopped by Anders Lindback with a rebound.
11:58 of 2nd period - Wrist shot by Troy Brouwer.
11:58 of 2nd period - Shot Blocked by Slava Voynov.
12:00 of 2nd period - Backhand shot by Cal Clutterbuck.
12:00 of 2nd period - Stopped by Anders Lindback with a rebound.
12:14 of 2nd period - Snap shot by Cal Clutterbuck.
12:14 of 2nd period - Stopped by Anders Lindback without a rebound.
12:15 of 2nd period - Patrick O'Sullivan wins face-off versus Derek Stepan in Sasquatch zone.
12:27 of 2nd period - Icing by Joe Callahan.
12:28 of 2nd period - Derek Stepan wins face-off versus Patrick O'Sullivan in Ice Dragons zone.
12:33 of 2nd period - Snap shot by Jakub Voracek.
12:33 of 2nd period - Shot Misses the Net.
12:35 of 2nd period - Slapshot by Joe Corvo.
12:35 of 2nd period - Shot Misses the Net.
12:37 of 2nd period - Slapshot by Joe Corvo.
12:37 of 2nd period - Shot Blocked by Tomas Kudelka.
12:39 of 2nd period - Slapshot by Jakub Voracek.
12:39 of 2nd period - Stopped by Justin Pogge with a rebound.
12:41 of 2nd period - Slapshot by Derek Stepan.
12:41 of 2nd period - Shot Misses the Net.
12:43 of 2nd period - Backhand shot by Joe Corvo.
12:43 of 2nd period - Stopped by Justin Pogge without a rebound.
12:44 of 2nd period - Tyler Johnson wins face-off versus Nigel Dawes in Ice Dragons zone.
13:59 of 2nd period - Snap shot by Mats Zuccarello.
13:59 of 2nd period - Stopped by Justin Pogge without a rebound.
14:00 of 2nd period - Tyler Johnson wins face-off versus Patrick O'Sullivan in Ice Dragons zone.
14:15 of 2nd period - Snap shot by Mats Zuccarello.
14:15 of 2nd period - Shot Blocked by Joe Callahan.
14:51 of 2nd period - Snap shot by Jakub Voracek.
14:51 of 2nd period - Shot Misses the Net.
15:35 of 2nd period - Snap shot by Oskar Osala.
15:35 of 2nd period - Shot Blocked by Jakub Voracek.
15:37 of 2nd period - Wrist shot by Tyler Eckford.
15:37 of 2nd period - Deflect By Oskar Osala.
15:37 of 2nd period - Stopped by Anders Lindback with a rebound.
15:39 of 2nd period - Wrist shot by Oskar Osala.
15:39 of 2nd period - Stopped by Anders Lindback with a rebound.
15:41 of 2nd period - Slapshot by Tyler Eckford.
15:41 of 2nd period - Shot Misses the Net.
15:43 of 2nd period - Snap shot by Tyler Eckford.
15:43 of 2nd period - Stopped by Anders Lindback without a rebound.
15:44 of 2nd period - Patrick O'Sullivan wins face-off versus Tyler Johnson in Sasquatch zone.
15:57 of 2nd period - Slapshot by Tyler Johnson.
15:57 of 2nd period - Stopped by Justin Pogge without a rebound.
15:58 of 2nd period - Tyler Johnson wins face-off versus Patrick O'Sullivan in Ice Dragons zone.
16:01 of 2nd period - Wrist shot by Mats Zuccarello.
16:01 of 2nd period - Deflect By Tyler Johnson.
16:01 of 2nd period - Goal by Tyler Johnson - Ice Dragons : 3 - Sasquatch : 3.
16:02 of 2nd period - Alexander Radulov wins face-off versus Tyler Johnson in neutral zone.
16:05 of 2nd period - Slapshot by Kevin Klein.
16:05 of 2nd period - Shot Blocked by Tyler Johnson.
16:26 of 2nd period - Minor Penalty to Joe Corvo for Hooking.
16:27 of 2nd period - Patrick O'Sullivan wins face-off versus Tyler Johnson in Sasquatch zone.
18:26 of 2nd period - Penalty to Joe Corvo is over, Joe Corvo is back on ice.
19:35 of 2nd period - Slapshot by Joe Corvo.
19:35 of 2nd period - Shot Misses the Net.
19:59 of 2nd period - Jeff Tambellini is hit by Ian Cole and loses puck.
Goals for this period are 2 for Ice Dragons vs 2 for Sasquatch.
Shots for this period are 12 for Ice Dragons vs 11 for Sasquatch.
3rd period
0:01 of 3rd period - Patrick O'Sullivan wins face-off versus Derek Stepan in neutral zone.
0:04 of 3rd period - Slapshot by Kevin Klein.
0:04 of 3rd period - Shot Misses the Net.
0:06 of 3rd period - Slapshot by Jeff Tambellini.
0:06 of 3rd period - Shot Misses the Net.
0:08 of 3rd period - Slapshot by Jeff Tambellini.
0:08 of 3rd period - Shot Blocked by Jakub Voracek.
0:10 of 3rd period - Snap shot by Jonathan Blum.
0:10 of 3rd period - Shot Misses the Net.
0:12 of 3rd period - Wrist shot by Patrick O'Sullivan.
0:12 of 3rd period - Shot Misses the Net.
0:14 of 3rd period - Slapshot by Jonathan Blum.
0:14 of 3rd period - Stopped by Anders Lindback without a rebound.
0:15 of 3rd period - Tyler Johnson wins face-off versus Troy Brouwer in Sasquatch zone.
1:04 of 3rd period - Snap shot by Alexander Radulov.
1:04 of 3rd period - Stopped by Anders Lindback with a rebound.
1:27 of 3rd period - Minor Penalty to Matt Niskanen for Tripping.
1:28 of 3rd period - Tyler Johnson wins face-off versus Patrick O'Sullivan in Sasquatch zone.
1:56 of 3rd period - Oskar Osala is hit by Ian Cole and loses puck.
3:06 of 3rd period - Icing by Joe Callahan.
3:07 of 3rd period - Tyler Johnson wins face-off versus Patrick O'Sullivan in Ice Dragons zone.
3:27 of 3rd period - Penalty to Matt Niskanen is over, Matt Niskanen is back on ice.
3:33 of 3rd period - Icing by Mats Zuccarello.
3:34 of 3rd period - Marc-Antoine Pouliot wins face-off versus Stephane Da Costa in Sasquatch zone.
3:37 of 3rd period - Snap shot by Marc-Antoine Pouliot.
3:37 of 3rd period - Stopped by Anders Lindback without a rebound.
3:38 of 3rd period - Stephane Da Costa wins face-off versus Marc-Antoine Pouliot in Sasquatch zone.
3:38 of 3rd period - Stephane Da Costa is hit by Troy Brouwer.
3:50 of 3rd period - Slapshot by Joe Corvo.
3:50 of 3rd period - Shot Misses the Net.
3:52 of 3rd period - Snap shot by Kyle Clifford.
3:52 of 3rd period - Shot Misses the Net.
4:00 of 3rd period - Minor Penalty to Troy Brouwer for Hooking.
4:01 of 3rd period - Derek Stepan wins face-off versus Shean Donovan in Ice Dragons zone.
4:14 of 3rd period - Snap shot by D.J King.
4:14 of 3rd period - Shot Misses the Net.
4:16 of 3rd period - Wrist shot by Derek Stepan.
4:16 of 3rd period - Goal by Derek Stepan - Ice Dragons : 3 - Sasquatch : 4.
4:17 of 3rd period - Derek Stepan wins face-off versus Patrick O'Sullivan in neutral zone.
4:48 of 3rd period - Slapshot by Joe Callahan.
4:48 of 3rd period - Deflect By Cal Clutterbuck.
4:48 of 3rd period - Shot Misses the Net.
4:48 of 3rd period - Puck is out of play.
4:49 of 3rd period - Tyler Johnson wins face-off versus Troy Brouwer in Sasquatch zone.
4:58 of 3rd period - Slapshot by Nigel Dawes.
4:58 of 3rd period - Shot Misses the Net.
5:10 of 3rd period - Minor Penalty to Nigel Dawes for Interference.
5:11 of 3rd period - Derek Stepan wins face-off versus Oskar Osala in Ice Dragons zone.
5:26 of 3rd period - Snap shot by Shean Donovan.
5:26 of 3rd period - Stopped by Anders Lindback with a rebound.
6:11 of 3rd period - Slapshot by Tyler Eckford.
6:11 of 3rd period - Shot Misses the Net.
7:10 of 3rd period - Penalty to Nigel Dawes is over, Nigel Dawes is back on ice.
7:25 of 3rd period - Stephane Da Costa is hit by Troy Brouwer and loses puck.
7:36 of 3rd period - Kevin Porter is hit by Jonathan Blum and loses puck.
9:19 of 3rd period - Jake Gardiner is hit by Nigel Dawes and loses puck.
9:46 of 3rd period - Nigel Dawes is hit by Ian Cole and loses puck.
11:18 of 3rd period - Alexander Radulov is hit by Jake Gardiner and loses puck.
11:23 of 3rd period - Wrist shot by Kevin Porter.
11:23 of 3rd period - Stopped by Justin Pogge with a rebound.
11:51 of 3rd period - Snap shot by Shean Donovan.
11:51 of 3rd period - Stopped by Anders Lindback without a rebound.
11:52 of 3rd period - Tyler Johnson wins face-off versus Marc-Antoine Pouliot in Sasquatch zone.
12:39 of 3rd period - Wrist shot by Shean Donovan.
12:39 of 3rd period - Shot Misses the Net.
12:41 of 3rd period - Snap shot by Shean Donovan.
12:41 of 3rd period - Shot Misses the Net.
12:43 of 3rd period - Slapshot by Tyler Eckford.
12:43 of 3rd period - Shot Blocked by Nick Leddy.
12:45 of 3rd period - Slapshot by Tyler Eckford.
12:45 of 3rd period - Stopped by Anders Lindback with a rebound.
12:47 of 3rd period - Snap shot by Tyler Eckford.
12:47 of 3rd period - Stopped by Anders Lindback with a rebound.
12:49 of 3rd period - Slapshot by Tyler Eckford.
12:49 of 3rd period - Shot Misses the Net.
13:57 of 3rd period - Snap shot by Oskar Osala.
13:57 of 3rd period - Deflect By Marc-Antoine Pouliot.
13:57 of 3rd period - Stopped by Anders Lindback with a rebound.
14:46 of 3rd period - Minor Penalty to Joe Callahan for Tripping.
14:47 of 3rd period - Jeff Tambellini wins face-off versus Derek Stepan in Ice Dragons zone.
14:57 of 3rd period - Wrist shot by Jakub Voracek.
14:57 of 3rd period - Stopped by Justin Pogge without a rebound.
14:58 of 3rd period - Derek Stepan wins face-off versus Jeff Tambellini in Ice Dragons zone.
15:07 of 3rd period - Wrist shot by D.J King.
15:07 of 3rd period - Shot Blocked by Jeff Tambellini.
15:09 of 3rd period - Snap shot by D.J King.
15:09 of 3rd period - Stopped by Justin Pogge without a rebound.
15:10 of 3rd period - Cal Clutterbuck wins face-off versus Jakub Voracek in Ice Dragons zone.
16:46 of 3rd period - Penalty to Joe Callahan is over, Joe Callahan is back on ice.
16:56 of 3rd period - Snap shot by Troy Brouwer.
16:56 of 3rd period - Shot Hit the Post.
16:58 of 3rd period - Slapshot by Danny Syvret.
16:58 of 3rd period - Shot Misses the Net.
17:00 of 3rd period - Slapshot by Danny Syvret.
17:00 of 3rd period - Stopped by Anders Lindback with a rebound.
17:02 of 3rd period - Slapshot by Troy Brouwer.
17:02 of 3rd period - Stopped by Anders Lindback with a rebound.
17:18 of 3rd period - Patrick O'Sullivan is hit by Slava Voynov and loses puck.
18:15 of 3rd period - Raymond Sawada is hit by Matt Frattin and loses puck.
19:00 of 3rd period - Ice Dragons, Justin Pogge is pulled from the net.
19:06 of 3rd period - Jonathan Blum is hit by Joe Corvo and loses puck.
19:20 of 3rd period - Off-side.
19:21 of 3rd period - Darryl Sutter call a timeout for Ice Dragons.
19:21 of 3rd period - Patrick O'Sullivan wins face-off versus Tyler Johnson in neutral zone.
19:28 of 3rd period - Snap shot by Alexander Radulov.
19:28 of 3rd period - Stopped by Anders Lindback without a rebound.
19:29 of 3rd period - Patrick O'Sullivan wins face-off versus Tyler Johnson in Sasquatch zone.
19:32 of 3rd period - Snap shot by Alexander Radulov.
19:32 of 3rd period - Shot Misses the Net.
Goals for this period are 0 for Ice Dragons vs 1 for Sasquatch.
Shots for this period are 11 for Ice Dragons vs 4 for Sasquatch.
Output by the SimonT Hockey Simulator (STHS) for François Prévost -- Original Page W3C XHTML 1.0 Valid